 Dungeon Crawl Stone Soup version 0.27.1-3-gb3d3a73c9e (webtiles) character file.

Game seed: 8317036767854741963

443 KittyFluff the Cudgeller (level 7, -1/44 HPs)
             Began as a Gargoyle Berserker on Oct 12, 2021.
             Was a Priest of Trog.
             Frozen to death by an endoplasm (2 damage)
             ... on level 4 of the Dungeon.
             The game lasted 00:20:02 (4522 turns).

KittyFluff the Cudgeller (Gargoyle Berserker)       Turns: 4522, Time: 00:20:03

Health: -1/44      AC: 10    Str: 21    XL:     7   Next: 2%
Magic:  7/7        EV: 12    Int:  8    God:    Trog [***...]
Gold:   95         SH:  0    Dex: 16    Spells: 6/6 levels left

rFire    . . .     SeeInvis +   d - +0 whip
rCold    . . .     Faith    .   (no shield)
rNeg     + . .     Spirit   .   g - +0 leather armour
rPois    ∞         Reflect  .   (no helmet)
rElec    +         Harm     .   (no cloak)
rCorr    .         Rampage  .   q - +0 pair of gloves
Will     .....                  m - +0 pair of boots
Stlth    +.........             (no amulet)
HPRegen  0.14/turn              p - ring of see invisible
MPRegen  0.10/turn              r - +6 ring of dexterity

@: no status effects
A: sickness immunity, AC +4, negative energy resistance 1, electricity
resistance, torment resistance 1, petrification resistance
a: Renounce Religion, Berserk, Trog's Hand


You were on level 4 of the Dungeon.
You worshipped Trog.
Trog was most pleased with you.
You visited 1 branch of the dungeon, and saw 4 of its levels.

You collected 106 gold pieces.
You spent 11 gold pieces at shops.

Inventory:

Hand Weapons
 a - a +0 mace
 d - a +0 whip (weapon)
Missiles
 b - 31 sling bullets
 c - 17 bolts
 i - 6 javelins
 k - a throwing net
 o - 59 arrows
 s - 16 poisoned darts (quivered)
Armour
 g - a +0 leather armour (worn)
 m - a +0 pair of boots (worn)
 n - a +0 ring mail
 q - a +0 pair of gloves (worn)
 v - a +0 ring mail
Jewellery
 p - a ring of see invisible (left hand)
 r - a +6 ring of dexterity (right hand)
 u - a ring of fire
Wands
 j - a wand of flame (21)
Scrolls
 e - a scroll of teleportation {unknown}
 h - 3 scrolls of identify {unknown}
 t - 3 scrolls of vulnerability {unknown}
Potions
 f - 2 potions of heal wounds {unknown}
 l - a potion of flight {unknown}


   Skills:
 + Level 5.0 Fighting
 + Level 5.1 Maces & Flails
 + Level 0.2 Throwing
 + Level 3.1 Armour
 + Level 2.4 Dodging
 + Level 0.8 Stealth
 * Level 2.2 Evocations


You had 6 spell levels left.
You didn't know any spells.
Your spell library contained the following spells:

 Spells                   Type           Power      Damage    Failure   Level
 Animate Skeleton         Necr           0%         N/A       45%         1
 Apportation              Tloc           0%         N/A       45%         1
 Corona                   Hex            0%         N/A       45%         1
 Sting                    Tmut/Pois      0%         1d3       45%         1
 Summon Small Mammal      Summ           0%         N/A       45%         1
 Poisonous Vapours        Pois/Air       0%         N/A       58%         2
 Olgreb's Toxic Radiance  Pois           0%         N/A       99%         4


Dungeon Overview and Level Annotations

Branches:
Dungeon (4/15)
 Temple: D:4-7

Altars:

Shops:
D:1 ?=(   D:2 !


Innate Abilities, Weirdness & Mutations

You are immune to sickness and miasma.
Your stone body is resilient. (AC +4)
You are immune to poison.
You resist negative energy. (rN+)
You are resistant to electric shocks. (rElec)
You are resistant to unholy torment.
You are immune to petrification.


Message History

Things that are here:
a +0 dagger; an orc corpse An ogre comes into view.
It is wielding a +0 giant club.
Found 11 gold pieces and 18 stones.
The ogre shouts!
You completely miss the ogre. The ogre hits you with a +0 giant club!
You whack the ogre!
The ogre is moderately wounded.
You hit the ogre but do no damage.
The ogre is moderately wounded.
The ogre closely misses you.
You hit the ogre.
The ogre is moderately wounded.
The ogre barely misses you.
You whack the ogre!
The ogre is severely wounded.
You hit the ogre.
The ogre is severely wounded.
The ogre closely misses you.
You hit the ogre.
The ogre is almost dead.
The ogre hits you with a +0 giant club!!
Ouch! That really hurt!
* * * LOW HITPOINT WARNING * * *
You hit the ogre.
You kill the ogre!
Trog accepts your kill.
Your Fighting skill increases to level 5!
Your Maces & Flails skill increases to level 5!
You have reached level 7!
You completely miss the endoplasm.
The endoplasm hits you but does no damage.
You hit the endoplasm.
The endoplasm is lightly wounded.
The endoplasm barely misses you.
You barely miss the endoplasm.
The endoplasm is lightly wounded.
The endoplasm freezes you.
You are frozen.
You die...

.....#o) ........#. ...
..... ...## #. ...###...#
#...####. ###.......##
##.......
..........###........
.##.#............... ##.
.......>.........
..###..###.^........)..(.
.......J@...####.........
.......####.###..........
....... #.....##...##..
....... ###############
....... ...($.# .#...#
####


You could see an endoplasm.

Vanquished Creatures
  An ogre (D:4)
  Blork the orc (D:4)
  2 orc priests (D:4)
  2 orc wizards
  3 gnolls
  3 adders
  An ufetubus (D:3)
  A dart slug (D:3)
  10 orcs
  5 ball pythons
  8 bats
  8 endoplasms
  9 giant cockroaches
  11 goblins
  10 hobgoblins
  12 jackals
  3 quokkas
  6 frilled lizards
  7 kobolds
  4 rats
107 creatures vanquished.

Notes
Turn   | Place    | Note
-------+----------+-------------------------------------------
     0 | D:1      | KittyFluff the Gargoyle Berserker began the quest for the
                  | Orb.
     0 | D:1      | Reached XP level 1. HP: 14/14 MP: 1/1
    38 | D:1      | Found Kayk's Weapon Shop.
   134 | D:1      | Reached XP level 2. HP: 18/19 MP: 2/2
   629 | D:1      | Found a faded altar of an unknown god.
   706 | D:1      | Reached XP level 3. HP: 6/24 MP: 3/3
  1025 | D:1      | Found Ruahanoe's Jewellery Shoppe.
  1068 | D:1      | Reached ** piety under Trog
  1216 | D:1      | Found Cieh's Magic Scroll Shoppe.
  1657 | D:2      | Reached XP level 4. HP: 17/29 MP: 4/4
  1928 | D:2      | Found Lacoa's Distillery.
  1958 | D:2      | Bought a potion of degeneration for 11 gold pieces
  2894 | D:3      | Reached *** piety under Trog
  3163 | D:3      | Reached XP level 5. HP: 16/33 MP: 5/5
  3479 | D:3      | Reached skill level 1 in Evocations
  3761 | D:4      | Reached XP level 6. HP: 5/40 MP: 6/6
  4354 | D:4      | Noticed Blork the orc
  4433 | D:4      | Killed Blork the orc
  4518 | D:4      | HP: 1/40 [ogre (29)]
  4520 | D:4      | Reached skill level 5 in Fighting
  4520 | D:4      | Reached skill level 5 in Maces & Flails
  4520 | D:4      | Reached XP level 7. HP: 1/44 MP: 7/7
  4522 | D:4      | Frozen to death by an endoplasm

Illustrated notes

Levels and vault maps discovered:
D:1:      dpeg_arrival_tiny_b, layout_basic,
          hellmonk_ecumenical_altar_dog_temple, serial_shops, shop_statue,
          nicolae_diamond_shop, nicolae_lakefront_shop
D:2:      layout_basic, serial_shops, shop, roderic_roman_lattice, st_stairs_11
D:3:      layout_basic, feat_on_display
D:4:      layout_rooms, lemuel_old_faithful, uniq_ijyb, uniq_blork_the_orc

Skill      XL: |  1  2  3  4  5  6 |
---------------+-------------------+-----
Fighting       | 4 5 |  5.0
Maces & Flails | 4 5 |  5.1
Dodging        | 2 |  2.4
Evocations     | 1 2 |  2.2
Armour         | 3 |  3.1
Throwing       | |  0.2
Stealth        | |  0.8

Action                   |  1- 3 |  4- 6 |  7- 9 || total
-------------------------+-------+-------+-------++-------
Melee: Mace              |    11 |       |       ||    11
       Whip              |   176 |   276 |     3 ||   455
Throw: Dart              |       |     4 |       ||     4
Invok: Berserk           |       |     4 |       ||     4
Armor: Animal skin       |    17 |       |       ||    17
       Leather armour    |    65 |    97 |     1 ||   163
Dodge: Dodged            |   109 |   158 |     1 ||   268
